 Dungeon Crawl Stone Soup version 0.27-a0-955-gb57c80000f (webtiles) character file.

Game seed: 4238907874455523118

0 Glokmah the Skirmisher (level 1, -1/18 HPs)
             Began as a Demonspawn Abyssal Knight on Apr 12, 2021.
             Was a Follower of Lugonu.
             Slain by a black mamba (6 damage)
             ... summoned by a worldbinder
             ... on level 2 of the Abyss.
             The game lasted 00:00:36 (91 turns).

Glokmah the Skirmisher (Demonspawn Abyssal Knight)    Turns: 91, Time: 00:00:36

Health: -1/18      AC:  3    Str: 12    XL:     1   Next: 0%
Magic:  2/2        EV: 11    Int: 13    God:    Lugonu [*.....]
Gold:   31         SH:  0    Dex: 12    Spells: 0/0 levels left

rFire    . . .     SeeInvis .   a - +1 spear
rCold    . . .     Faith    .   (no shield)
rNeg     . . .     Spirit   .   b - +0 leather armour
rPois    .         Reflect  .   (no helmet)
rElec    .         Harm     .   (no cloak)
rCorr    .         Rampage  .   (no gloves)
Will     .....                  (no boots)
Stlth    +.........             (no amulet)
HPRegen  0.06/turn              (no ring)
MPRegen  0.08/turn              (no ring)

@: no status effects
A: no striking features
a: Renounce Religion, Depart the Abyss


You were on level 2 of the Abyss.
You worshipped Lugonu.
Lugonu was aware of your devotion.
You visited 0 branches of the dungeon, and saw 0 of its levels.
You visited the Abyss 1 time.

You collected 31 gold pieces.

Inventory:

Hand Weapons
 a - a +1 spear (weapon)
Armour
 b - a +0 leather armour (worn)


   Skills:
 + Level 3.0 Fighting
 * Level 1.7 Polearms
 + Level 1.7 Armour
 + Level 0.8 Dodging
 * Level 2.4 Invocations


You couldn't memorise any spells.
You didn't know any spells.
Your spell library was empty.

Dungeon Overview and Level Annotations

Branches:
Dungeon (0/15)

Altars:


Message History

Welcome, Glokmah the Demonspawn Abyssal Knight.
The bosom of this dungeon contains the transcendent artefact, the Orb of Zot.
Lugonu says: Depart the Abyss and spread corruption, my servant! (use the ability menu to exit the Abyss) Press ? for a list of commands and other information.
Found two corrupted altars of Lugonu.
A large abomination comes into view.
A tentacle flies out from the starspawn's body!
A starspawn tentacle comes into view.
A smoke demon comes into view.
The smoke demon roars!
The smoke demon gestures at you. Something smites you!
Ouch! That really hurt!
Found 14 stones.
Found a gateway leading deeper into the Abyss.
A hellwing comes into view.
The hellwing gives a chilling moan.
There is a gateway leading deeper into the Abyss here.
The smoke demon gestures at you. The ball of steam misses you.
You plunge deeper into the Abyss.
Found 90 gold pieces.
You start resting.
A worldbinder comes into view.
You see here 31 gold pieces.
You now have 31 gold pieces.
The worldbinder hits you.
* * * LOW HITPOINT WARNING * * *
The worldbinder misses you.
The worldbinder calls forth creatures from the Snake Pit! x2
The worldbinder calls forth creatures from the Snake Pit!
Found a club and 19 gold pieces.
The mana viper disappears in a puff of smoke!
The black mamba bites you.
You die...

#.##..# #.
...... ... .
..... ....
..###...###...
. ..$)......# .
...#........#..
.......$.....#.
#.@.......
##S.......
#.#......# #.
##x..#.#... . .
#S###....#. ...
..ยง....#.##..
.##. .N####...#
. ### ... #..


You could see a worldbinder, 2 black mambas and a naga (summoned).

Vanquished Creatures (others)
  3 starspawn tentacles (Abyss:1)
3 creatures vanquished.

Notes
Turn   | Place    | Note
-------+----------+-------------------------------------------
     0 | Abyss:1  | Glokmah the Demonspawn Abyssal Knight began the quest for
                  | the Orb.
     0 | Abyss:1  | Reached XP level 1. HP: 18/18 MP: 2/2
    26 | Abyss:1  | Noticed a tentacled starspawn
    28 | Abyss:1  | Noticed a large abomination
    39 | Abyss:1  | Noticed a smoke demon
    47 | Abyss:1  | Noticed a hellwing
    86 | Abyss:2  | Noticed a worldbinder
    90 | Abyss:2  | Noticed a black mamba
    90 | Abyss:2  | Noticed a mana viper
    91 | Abyss:2  | Noticed a naga
    91 | Abyss:2  | Noticed a black mamba
    91 | Abyss:2  | Slain by a black mamba

Illustrated notes

Levels and vault maps discovered:
Abyss:2:  base:
Temple

Action                   || total
-------------------------++-------
Dodge: Dodged            ||     2

Table legend: (Time is in decaauts)
 A = Elapsed time spent in this place.
 B = Non-inter-level travel time spent in this place.
 C = Inter-level travel time spent in this place.
 D = Time resting spent in this place.
 E = Time spent auto-exploring this place.
 F = Levels seen in this place.
 G = Mean time per level.
                   A        B        C        D        E       F      G
               +--------+--------+--------+--------+--------+-----+--------+
         Total |     90 |     90 |      0 |     35 |      0 |   2 |   45.0 |
         Abyss |     90 |     90 |      0 |     35 |      0 |   2 |   45.0 |
               +--------+--------+--------+--------+--------+-----+--------+

Top non-repeatable levels by time:
 Abyss:1: 50 daAuts
 Abyss:2: 40 daAuts
